 Dungeon Crawl Stone Soup version 0.32-a0-42-ga30500b4d3 (webtiles) character file.

Game seed: 9426566235240924641

5 grandjackal the Slasher (level 1, 0/16 HPs)
             Began as a Demonspawn Gladiator on Jan 29, 2024.
             Slain by a kobold
             ... wielding a +0 short sword
              (2 damage)
             ... on level 1 of the Dungeon.
             The game lasted 00:00:14 (47 turns).

grandjackal the Slasher (Demonspawn Gladiator)        Turns: 47, Time: 00:00:15

Health: 0/16       AC:  4    Str: 14    XL:     1   Next: 66%
Magic:  1/1        EV: 12    Int:  8    God:
Gold:   0          SH:  0    Dex: 14    Spells: 0/0 levels left

rFire   . . .        a - +0 long sword
rCold   . . .        (no shield)
rNeg    . . .        b - +0 leather armour
rPois   .            c - +0 helmet
rElec   .            (no cloak)
rCorr   .            (no gloves)
SInv    .            (no boots)
Will    .....        (no amulet)
Stlth   +            (no ring)
HPRegen 0.22/turn    (no ring)
MPRegen 0.07/turn

%: no passive effects
@: no status effects
A: no striking features
a: no special abilities


You were on level 1 of the Dungeon.
You visited 1 branch of the dungeon, and saw 1 of its levels.

Inventory:

Hand Weapons
 a - a +0 long sword (weapon)
Missiles
 d - 3 throwing nets (quivered)
 e - a javelin
Armour
 b - a +0 leather armour (worn)
 c - a +0 helmet (worn)


   Skills:
 + Level 2.1 Fighting
 + Level 2.8 Long Blades
 + Level 1.9 Throwing
 + Level 2.7 Dodging


You couldn't memorise any spells.
You didn't know any spells.
Your spell library was empty.

Dungeon Overview and Level Annotations

Branches:
Dungeon (1/15)

Altars:


Message History

The rat bites the plant.
The plant begins to die.
You closely miss the kobold.
The kobold hits the plant with a +0 dagger.
The kobold misses you.
The rat bites the plant.
You hit the kobold but do no damage.
A nearby plant withers and dies.
The kobold hits you with a +0 short sword.
* * * LOW HITPOINT WARNING * * *
The rat bites the plant.
You barely miss the kobold.
The kobold hits the plant with a +0 dagger.
The kobold barely misses you.
The rat bites the plant.
The kobold hits the plant with a +0 dagger.
You closely miss the kobold.
A nearby plant withers and dies. x2
The kobold closely misses you. The kobold misses you.
You barely miss the kobold. The kobold hits you with a +0 dagger.
* * * LOW HITPOINT WARNING * * *
The kobold hits you but does no damage. The kobold hits you but does no damage.
The kobold attacks as it pursues you! The kobold completely misses you.
The kobold attacks as it pursues you! The kobold hits you with a +0 dagger.
* * * LOW HITPOINT WARNING * * *
You closely miss the kobold.
The kobold completely misses the plant.
The kobold misses you.
The rat bites the plant.
The plant begins to die.
You hit the kobold.
You kill the kobold!
The kobold throws a stone.
The stone hits you but does no damage.
The kobold hits the plant with a +0 short sword.
The plant begins to die.
You hit the rat.
The rat is moderately wounded.
The rat bites you but does no damage.
The kobold hits the plant with a +0 short sword.
You hit the rat.
You kill the rat!
You barely miss the kobold.
A nearby plant withers and dies. x2
The kobold hits you with a +0 short sword.
* * * LOW HITPOINT WARNING * * *
You barely miss the kobold.
The kobold hits you with a +0 short sword.
You die... #.# .# #########?######.# PPPPPPPPPPPPPPPP.# PPPPP..<..PPPPPP.# PPP..PPPPP..PPPP.# PP.PPP...PPP.PPP.# PP.PP.PPP.PP.PPP.# P.PP.PP.PP.PP.PP.# P.P.PP.P.PP.P@PP.# P.P.P.PPP.P..K.P.# P.P.PP.P.PP....P.# P.PP.PP..P.PP.# PP.PPP..P†PPP?# PPP....P...PP.# ..PP..P).PPPP.# PP....†..PPPP.# PPPP....PPPPP.#

You could see a kobold.

Vanquished Creatures
  A goblin (D:1)
  A quokka (D:1)
  A frilled lizard (D:1)
  A kobold (D:1)
  2 rats (D:1)
6 creatures vanquished.

Notes
Turn   | Place    | Note
-------+----------+-------------------------------------------
     0 | D:1      | grandjackal the Demonspawn Gladiator began the quest for
                  | the Orb.
     0 | D:1      | Reached XP level 1. HP: 16/16 MP: 1/1
    47 | D:1      | Slain by a kobold

Illustrated notes

Levels and vault maps discovered:
D:1:      roderic_crop_circles_arrival_small, layout_rooms

Action                     || total
---------------------------++-------
  Melee: Long sword        ||    27
 Armour: Leather armour    ||    26
  Dodge: Dodged            ||    16

Table legend: (Time is in decaauts)
 A = Elapsed time spent in this place.
 B = Non-inter-level travel time spent in this place.
 C = Inter-level travel time spent in this place.
 D = Time resting spent in this place.
 E = Time spent auto-exploring this place.
 F = Levels seen in this place.
 G = Mean time per level.
                   A        B        C        D        E       F      G
               +--------+--------+--------+--------+--------+-----+--------+
         Total |     53 |     53 |      0 |      0 |      9 |   1 |   53.0 |
       Dungeon |     53 |     53 |      0 |      0 |      9 |   1 |   53.0 |
               +--------+--------+--------+--------+--------+-----+--------+

Top non-repeatable levels by time:
     D:1: 53 daAuts
